 Dungeon Crawl Stone Soup version 0.31-a0-174-g85c54bcb58 (webtiles) character file.

Game seed: 7027767331684381302

204693 quinnr the Stormcaller (level 18, -8/114 HPs)
             Began as a Tengu Air Elementalist on June 15, 2023.
             Was the Champion of Vehumet.
             Mangled by a rockslime (41 damage)
             ... on level 5 of the Pits of Slime.
             The game lasted 01:52:08 (47071 turns).

quinnr the Stormcaller (Tengu Air Elementalist)    Turns: 47071, Time: 01:52:09

Health: -8/114     AC:  2    Str: 14    XL:     18   Next: 65%
Magic:  24/43      EV: 25    Int: 26    God:    Vehumet [******]
Gold:   1685       SH:  7    Dex: 16    Spells: 8/39 levels left

rFire   + . .        x - staff of fire "Naemuf" {rPois rF+ rC+ Str+4 Stlth+, !a}
rCold   + + +        i - +1 buckler {rC+}
rNeg    . . .        V - +2 robe {Will+}
rPois   +            (helmet restricted)
rElec   .            O - +0 cloak
rCorr   +            z - +0 pair of gloves of Magic {rPois Dex+2 Stlth+}
SInv    +            (boots unavailable)
Will    ++...        N - amulet of magic regeneration
Stlth   ++++++       C - ring of protection from cold
HPRegen 0.39/turn    I - ring of Qozuyrgh {rCorr MP+9 Int+3 Slay-4 SInv}
MPRegen 0.68/turn

%: no passive effects
@: corroded, flying quickly and evasively, quick
A: beak, talons 3, nimble flight
}: 1/15 runes: barnacled
a: Renounce Religion


You were on level 5 of the Pits of Slime.
You worshipped Vehumet.
Vehumet was exalted by your worship.
You visited 6 branches of the dungeon, and saw 30 of its levels.
You also visited: Sewer, Gauntlet and Ice Cave.

You collected 2444 gold pieces.
You spent 759 gold pieces at shops.


Innate Abilities, Weirdness & Mutations

You have a beak for a mouth.
You have claws for feet.
Your magical nature lets you fly swiftly and evasively.


   Skills:
 + Level 13.2 Fighting
 + Level 16.7 Dodging
 - Level 10.0 Stealth
 - Level 7.0 Shields
 - Level 11.0 Spellcasting
 - Level 5.0 Conjurations
 - Level 6.0 Summonings
 - Level 5.0 Translocations
 + Level 11.8 Fire Magic
 - Level 20.0 Air Magic
 - Level 5.0 Poison Magic
 - Level 6.0 Evocations


You had 8 spell levels left.
You knew the following spells:

 Your Spells              Type           Power      Damage    Failure   Level
a - Airstrike             Air            43%        2d(7-23)  0%          4
i - Swiftness             Air            87%        N/A       0%          3
l - Summon Lightning Spi  Summ/Air       69%        N/A       1%          4
p - Poisonous Vapours     Pois/Air       100%       N/A       1%          2
t - Static Discharge      Conj/Air       100%       2-7/arc   1%          2
B - Blink                 Tloc           80%        N/A       1%          2
X - Plasma Beam           Fire/Air       49%        2x1d63    1%          6
Y - Arcjolt               Conj/Air       34%        1d44      1%          5
Z - Vhi's Electric Charg  Tloc/Air       100%       N/A       1%          3

Your spell library contained the following spells:

 Spells                   Type           Power      Damage    Failure   Level
 Maxwell's Capacitive Co  Air            43%        ∞         2%          8
 Sandblast                Erth           28%        2d8       1%          1
 Shock                    Conj/Air       100%       1d9       1%          1
 Lesser Beckoning         Tloc           80%        N/A       1%          2
 Momentum Strike          Conj/Tloc      80%        3d10      1%          2
 Stone Arrow              Conj/Erth      54%        3d10      1%          3
 Spider Form              Tmut/Pois      27%        N/A       5%          3
 Ensorcelled Hibernation  Hex/Ice        28%        N/A       8%          2
 Passwall                 Tmut/Erth      11%        N/A       8%          2
 Ozocubu's Armour         Ice            14%        N/A       16%         3
 Animate Armour           Summ/Erth      58%        N/A       16%         4
 Anguish                  Hex/Necr       7%         N/A       45%         4
 Animate Dead             Necr           14%        N/A       45%         4
 Petrify                  Tmut/Erth      14%        N/A       45%         4
 Blade Hands              Tmut           7%         N/A       82%         5
 Borgnjor's Vile Clutch   Necr/Erth      7%         N/A       82%         5
 Metabolic Englaciation   Hex/Ice        7%         N/A       82%         5
 Death Channel            Necr           7%         N/A       100%        6
 Simulacrum               Ice/Necr       7%         N/A       100%        6
 Statue Form              Tmut/Erth      9%         N/A       100%        6
 Ozocubu's Refrigeration  Ice            7%         4d9       100%        7
 Lehudib's Crystal Spear  Conj/Erth      13%        10d5      100%        8
 Necromutation            Tmut/Necr      7%         N/A       100%        8

Inventory:

Hand Weapons
 d - a +8 dagger of freezing
Missiles
 G - 4 throwing nets {=f}
Armour
 i - a +1 buckler of cold resistance (worn)
 z - the +0 pair of gloves of Magic (worn) {rPois Dex+2 Stlth+}
   (You found it on level 5 of the Dungeon)

   Dex:       It affects your dexterity (+2).
   rPois:     It protects you from poison.
   Stlth:     It makes you more stealthy.
 O - a +0 cloak (worn)
 Q - a +1 robe of the Archmagi
 V - a +2 robe of willpower (worn)
Magical Staves
 x - the staff of fire "Naemuf" (weapon) {rPois rF+ rC+ Str+4 Stlth+, !a}
   (You found it in a Gauntlet)

   [staff of fire]

   Base accuracy: +5 Base damage: 5 Base attack delay: 1.2 This weapon's minimum
   attack delay (0.6) is reached at skill level 12.
   Str:       It affects your strength (+4).
   rF:        It protects you from fire.
   rC:        It protects you from cold.
   rPois:     It protects you from poison.
   Stlth:     It makes you more stealthy.
   It falls into the 'Staves' category.
   It is a one-handed weapon.
 F - a staff of conjuration {!a}
 X - a staff of cold {!a}
Jewellery
 t - the ring of Lust {Ice Str+4 Dex+2}
   (You found it in an ice cave)

   [ring of ice]

   It enhances your ice magic.
   Str:       It affects your strength (+4).
   Dex:       It affects your dexterity (+2).
   rF:        It makes you vulnerable to fire.
   rC:        It protects you from cold.
 C - a ring of protection from cold (left hand)
 D - a +6 ring of dexterity
 E - a +5 ring of evasion
 I - the ring of Qozuyrgh (right hand) {rCorr MP+9 Int+3 Slay-4 SInv}
   (You bought it in a shop on level 6 of the Dungeon)

   [ring of magical power]

   Int:       It affects your intelligence (+3).
   Slay:      It affects your accuracy & damage with ranged weapons and melee
   (-4).
   MP:        It affects your magic capacity (+9).
   SInv:      It lets you see invisible.
   rCorr:     It protects you from acid and corrosion.
 N - an amulet of magic regeneration (around neck)
 Z - a ring of wizardry
Wands
 a - a wand of polymorph (6)
 p - a wand of digging (12)
 w - a wand of charming (22)
 H - a wand of iceblast (31)
 K - a wand of mindburst (23)
 P - a wand of light (17)
 U - a wand of flame (24)
Scrolls
 f - 7 scrolls of fog
 h - 5 scrolls of blinking
 j - 7 scrolls of poison
 l - 5 scrolls of fear
 q - 10 scrolls of immolation
 r - 14 scrolls of teleportation {@r2}
 s - a scroll of acquirement {unknown}
 v - a scroll of amnesia
 y - a scroll of enchant armour
 S - 2 scrolls of revelation
Potions
 b - a potion of magic
 e - 2 potions of enlightenment
 g - 3 potions of resistance
 k - 5 potions of heal wounds {@q2}
 m - 3 potions of mutation
 n - 18 potions of curing {@q1}
 o - 2 potions of brilliance
 u - a potion of invisibility
 A - 3 potions of berserk rage {!q}
 B - 4 potions of might
 J - 5 potions of lignification
 L - 4 potions of cancellation
 R - 3 potions of haste {@q3}
Miscellaneous
 c - a lightning rod (4/4)
 M - a box of beasts

Dungeon Overview and Level Annotations

Branches:
Dungeon (13/15)            Temple (1/1) D:6            Lair (5/5) D:8
 Shoals (4/4) Lair:2       Spider (0/4) Lair:3        Slime (5/5) Lair:4
    Orc (2/2) D:10            Elf (0/3) Orc:2        Vaults (0/5) D:13
  Sewer (visited)           IceCv (visited)         Gauntlet (visited)

Altars:
Ashenzari
Cheibriados
Dithmenos
Elyvilon
Fedhas
Gozag
Hepliaklqana
Kikubaaqudgha
Makhleb
Nemelex Xobeh
Okawaru
Qazlal
Ru
Sif Muna
Trog
Uskayaw
Vehumet
Wu Jian
Xom
Yredelemnul
Zin
The Shining One
Jiyva

Shops:
D:3 *   D:4 *   D:6 =   D:10 [(   Orc:2 !=?*   Shoals:1 * Shoals:3

!=*([
...............
................
▒.................
................#
................##
..................
...............##
.........J@.....#
.............####
.......<...###
..........##
..........#
..........#
........###
........#
.......##


You could see a rockslime.


Message History

Unknown command.
Casting: Plasma Beam (mildly dangerous; 1% risk of failure)
Confirm with . or Enter, or press ? or * to list all spells.
Casting: Plasma Beam (mildly dangerous; 1% risk of failure)
Press: ? - help, Dir - look around, f - activate You feel a surge of power!
The bolt of lightning hits the acid blob!!!
The acid blob is heavily wounded.
The fiery plasma hits the acid blob!!!
You kill the acid blob!
Vehumet accepts your kill.
You feel your power returning. The acid blob spits acid at you.
The splash of acid hits you! You resist. The acid corrodes you!
Unknown command.
Casting: Plasma Beam (mildly dangerous; 1% risk of failure)
Confirm with . or Enter, or press ? or * to list all spells.
Casting: Plasma Beam (mildly dangerous; 1% risk of failure)
Press: ? - help, Dir - look around, f - activate You feel a surge of power!
The bolt of lightning hits the acid blob!!!
You kill the acid blob!
Vehumet accepts your kill.
You feel your power returning. The rockslime hits you!!!
* * * LOW HITPOINT WARNING * * *
You are shoved backwards!
Unknown command.
The rockslime attacks as you move away! You block the rockslime's attack.
The rockslime attacks as you move away! The rockslime hits you!!!
You die...

Skill      XL: |  1  2  3  4  5  6  7  8  9 10 11 12 13 14 15 16 17 18 |
---------------+-------------------------------------------------------+-----
Stealth        | 3 4 5 6 7 8 10 | 10.0
Conjurations   | 2 3 5 |  5.0
Air Magic      | 5 7 8 9 11 12 13 14 15 16 19 20 | 20.0
Fighting       | 1 2 3 4 5 6 7 9 11 12 13 | 13.2
Dodging        | 3 4 5 8 9 10 12 14 15 16 | 16.7
Spellcasting   | 4 5 7 9 11 | 11.0
Translocations | 3 5 |  5.0
Summonings     | 5 6 |  6.0
Poison Magic   | 3 4 5 |  5.0
Evocations     | 3 4 6 |  6.0
Fire Magic     | 4 7 10 11 | 11.8
Shields        | 3 5 7 |  7.0

Action                     |  1- 3 |  4- 6 |  7- 9 | 10-12 | 13-15 | 16-18 || total
---------------------------+-------+-------+-------+-------+-------+-------++-------
  Melee: Unarmed           |    14 |    11 |       |       |       |       ||    25
         Kick              |     3 |     4 |     4 |    17 |    22 |     1 ||    51
         Peck              |     1 |     2 |     1 |     7 |    18 |     2 ||    31
         Dagger            |       |     7 |     8 |    40 |    40 |       ||    95
         Staff             |       |       |       |       |    14 |     8 ||    22
   Cast: Shock             |    56 |   126 |   132 |    73 |       |       ||   387
         Static Discharge  |       |     7 |    12 |    25 |    18 |       ||    62
         Airstrike         |       |     7 |    65 |   222 |   378 |    60 ||   732
         Blink             |       |       |       |     2 |     7 |     5 ||    14
         Summon Lightning  |       |       |       |    28 |    85 |    32 ||   145
         Poisonous Vapours |       |       |       |    18 |    66 |    13 ||    97
         Swiftness         |       |       |       |     1 |    18 |     4 ||    23
         Plasma Beam       |       |       |       |       |   149 |   393 ||   542
         Arcjolt           |       |       |       |       |    21 |     5 ||    26
         Vhi's Electric Ch |       |       |       |       |     5 |       ||     5
  Evoke: Wand              |       |       |       |     1 |     9 |     6 ||    16
         Box of beasts     |       |       |       |       |     3 |     1 ||     4
         Lightning rod     |       |       |       |       |     2 |       ||     2
    Use: Scroll            |       |     5 |     8 |     6 |    18 |       ||    37
         Potion            |       |     2 |       |       |     2 |       ||     4
   Stab: Sleeping          |       |       |       |       |     2 |       ||     2
         Distracted        |       |       |       |       |     2 |       ||     2
 Armour: Robe              |     2 |     2 |     8 |     8 |    22 |    12 ||    54
  Dodge: Dodged            |    24 |    22 |    32 |    78 |   317 |   108 ||   581
  Block: Buckler           |       |       |       |       |    76 |    39 ||   115

Levels and vault maps discovered:
D:1:      grunt_arrival_crossed_arrows, layout_rooms,
          ebering_ecumenical_altar_sacrificial
D:2:      layout_basic, minmay_quadrilaterals, uniq_natasha, uniq_jessica,
          uniq_terence
D:3:      cheibrodos_old_hovel, layout_loops_ring, serial_shops,
          nicolae_shop_tiny_real_fake_doors, portal_sewer_entry_b, fountainhead,
          chequers_serial_rivers_small_b, minmay_randomly_rotated_circles
D:4:      minmay_recursive_quarters, layout_basic, nemelex_spade_bored_becter,
          serial_shops, nicolae_shop_advertising_works
          [nicolae_subvault_shop_adworks]
D:5:      corexii_shantytown, layout_loops_corners, nrook_pool_corridor,
          minivault_11, minmay_misc_feat_square
D:6:      layout_cave_pools, nicolae_hepliaklqana_monster_ancestors,
          minmay_temple_entry_glass, serial_shops, nicolae_shop_tiny_waterfront,
          uniq_pikel, uniq_prince_ribbit1, uniq_edmund, uniq_blork_the_orc
D:7:      layout_gridville, trog_ov_bears_minmay, uniq_joseph
D:8:      layout_basic, grunt_temple_overflow_open,
          nicolae_overflow_quartered_altars, erik_lair_island,
          kennysheep_just_a_vault
D:9:      layout_roguey, minivault_16, minmay_misc_feat_pillars,
          hangedman_decor_clover_reticule, minmay_misc_feat_cross, uniq_grum
D:10:     layout_irregular_city, doesnt_xom_only_xom, orc_david_3
D:11:     layout_basic, nicolae_shop_self_help, uniq_psyche, uniq_maurice
D:12:     layout_gridville, serial_demonic, serial_demonic_f, serial_demonic_d,
          serial_demonic_g, serial_demonic_g, serial_demonic_f,
          serial_demonic_d, serial_demonic_g, serial_demonic_e,
          grunt_decor_resistance
D:13:     layout_roguey, david_vaults_4, gauntlet_entry_generic
Temple:   hellmonk_temple_divided_pantheon
Lair:1:   layout_cave_pods, grunt_megastairs_4
Lair:2:   layout_regular_city, minmay_shoals_entry_lonely_mermaid, uniq_fannar
Lair:3:   layout_big_grid, spider_nest_entry_web_field,
          kennysheep_catoblepas_arena
Lair:4:   layout_loops_ring, nicolae_slime_entry_field_trip,
          serial_bayou_shore_b
Lair:5:   cheibrodos_lair_end_hotspot, layout_hall_layers, basic_altar,
          minivault_26, infiniplex_staircase_pool, uniq_kirke, uniq_rupert
Shoals:1: layout_shoals, serial_shops, nicolae_shop_trees
Shoals:2: layout_shoals, portal_ice_cave_entry_pillars_four
Shoals:3: layout_shoals, serial_shops, nicolae_shop_stone, shop,
          nicolae_shop_hallway_plus, nicolae_shop_peninsula, shop
Shoals:4: shoals_end_hellmonk_lost_city, uniq_mara, uniq_polyphemus
Slime:1:  layout_caves
Slime:2:  layout_caves, cheibrodos_slime_lost_civilization_6
Slime:3:  layout_caves
Slime:4:  layout_caves, nicolae_slime_getting_an_eyeful
Slime:5
Orc:1:    layout_caves
Orc:2:    st_orc_ogre_mass, layout_caves, uniq_josephine

Notes
Turn   | Place    | Note
-------+----------+-------------------------------------------
     0 | D:1      | quinnr the Tengu Air Elementalist began the quest for the
                  | Orb.
     0 | D:1      | Reached XP level 1. HP: 10/10 MP: 4/4
   166 | D:1      | Found a faded altar of an unknown god.
   187 | D:1      | Reached XP level 2. HP: 15/15 MP: 1/6
   221 | D:1      | Reached skill level 3 in Stealth
   330 | D:2      | Noticed Jessica
   814 | D:1      | Reached XP level 3. HP: 19/19 MP: 2/7
   817 | D:1      | Learned a level 2 spell: Static Discharge
   991 | D:2      | Killed Jessica
   992 | D:2      | Reached skill level 2 in Conjurations
  1102 | D:2      | Reached XP level 4. HP: 5/24 MP: 0/8
  1249 | D:2      | Noticed Natasha
  1255 | D:2      | Killed Natasha
  1256 | D:2      | Reached skill level 4 in Stealth
  1649 | D:3      | Found a glowing drain.
  1670 | D:3      | Reached skill level 3 in Conjurations
  1670 | D:3      | Reached skill level 5 in Air Magic
  1741 | Sewer    | Entered a sewer
  1750 | Sewer    | Reached skill level 1 in Fighting
  1750 | Sewer    | Gained mutation: Your magical nature lets you fly swiftly
                  | and evasively. [Tengu growth]
  1750 | Sewer    | Reached XP level 5. HP: 8/29 MP: 0/9
  2022 | Sewer    | Reached skill level 2 in Fighting
  2059 | Sewer    | Learned a level 4 spell: Airstrike
  2308 | Sewer    | Noticed a kobold brigand
  2322 | Sewer    | Killed a kobold brigand
  2323 | Sewer    | Reached XP level 6. HP: 21/36 MP: 1/10
  2806 | D:2      | Noticed Natasha
  2807 | D:2      | Killed Natasha
  2808 | D:2      | Reached skill level 3 in Fighting
  2876 | D:2      | Noticed Terence
  2887 | D:2      | Killed Terence
  2888 | D:2      | Reached skill level 6 in Air Magic
  3451 | D:3      | Found Ina Onux's General Store.
  3455 | D:3      | Bought a scroll of identify for 20 gold pieces
  4411 | D:4      | Found Ysao's Assorted Antiques.
  4585 | D:4      | Reached skill level 3 in Dodging
  4585 | D:4      | Reached skill level 7 in Air Magic
  4585 | D:4      | Reached XP level 7. HP: 41/41 MP: 1/11
  4792 | D:4      | Noticed a steam dragon
  4832 | D:4      | Found a sparkling altar of Nemelex Xobeh.
  4923 | D:5      | Entered Level 5 of the Dungeon
  5596 | D:5      | Identified the +0 pair of gloves of Magic {rPois Dex+2
                  | Stlth+}
  6073 | D:5      | Reached skill level 4 in Dodging
  6102 | D:5      | Reached skill level 4 in Fighting
  6216 | D:5      | Reached skill level 8 in Air Magic
  6515 | D:5      | Reached XP level 8. HP: 48/48 MP: 1/12
  6678 | D:5      | Reached skill level 5 in Dodging
  7154 | D:6      | Reached skill level 9 in Air Magic
  7204 | D:6      | Noticed Edmund
  7334 | D:5      | Killed Edmund
  7338 | D:6      | Noticed Blork the orc
  7783 | D:6      | Noticed Prince Ribbit
  7896 | D:6      | Reached skill level 3 in Spellcasting
  8014 | D:6      | Found Olaaxu's Jewellery Boutique.
  8032 | D:6      | Reached skill level 5 in Stealth
  8043 | D:6      | Killed Blork the orc
  8044 | D:6      | Reached skill level 5 in Fighting
  8173 | D:6      | Killed Prince Ribbit
  8174 | D:6      | Reached skill level 4 in Spellcasting
  8174 | D:6      | Reached XP level 9. HP: 54/54 MP: 6/16
  8337 | D:6      | Noticed Pikel
  8681 | D:6      | Reached skill level 6 in Dodging
  8704 | D:6      | Killed Pikel
  8705 | D:6      | Reached skill level 10 in Air Magic
  8911 | D:6      | Found a staircase to the Ecumenical Temple.
  8918 | D:6      | Reached skill level 7 in Dodging
  8925 | Temple   | Entered the Ecumenical Temple
  8925 | Temple   | Found a transporter.
  8925 | Temple   | Found a transporter.
  8948 | Temple   | Found a transporter.
  8948 | Temple   | Found a transporter.
  8974 | Temple   | Became a worshipper of Vehumet
  9000 | D:6      | Learned a level 2 spell: Blink
  9052 | D:6      | Found a hazy altar of Hepliaklqana.
  9385 | D:6      | Bought the ring of Qozuyrgh {rCorr MP+9 Int+3 Slay-4 SInv}
                  | for 289 gold pieces
  9527 | D:7      | Reached skill level 1 in Translocations
  9605 | D:7      | Reached skill level 11 in Air Magic
  9672 | D:7      | Found a bloodstained altar of Trog.
  9730 | D:7      | Learned a level 3 spell: Swiftness
  9810 | D:7      | Reached skill level 2 in Translocations
  9988 | D:7      | Reached skill level 8 in Dodging
 10138 | D:7      | Reached skill level 3 in Translocations
 10138 | D:7      | Reached XP level 10. HP: 59/59 MP: 17/17
 10258 | D:7      | Noticed Joseph
 10263 | D:7      | Killed Joseph
 10264 | D:7      | Reached skill level 4 in Translocations
 10868 | D:8      | Reached skill level 5 in Translocations
 11153 | D:8      | Found a staircase to the Lair.
 11459 | D:8      | Reached * piety under Vehumet
 11459 | D:8      | Offered knowledge of Magic Dart by Vehumet.
 11733 | D:8      | Found a stormy altar of Qazlal.
 11733 | D:8      | Found a shimmering blue altar of Sif Muna.
 11736 | D:8      | Found a blossoming altar of Fedhas.
 11738 | D:8      | Noticed a two-headed ogre
 11742 | D:8      | Killed a two-headed ogre
 11743 | D:8      | Reached skill level 6 in Stealth
 11749 | D:8      | Reached skill level 6 in Fighting
 12247 | D:8      | Reached skill level 9 in Dodging
 12326 | D:8      | Noticed a boulder beetle
 12342 | D:9      | Noticed a two-headed ogre
 12592 | D:9      | Reached skill level 12 in Air Magic
 12592 | D:9      | Reached XP level 11. HP: 59/64 MP: 18/18
 12712 | D:9      | Reached skill level 7 in Stealth
 13241 | D:9      | Killed a two-headed ogre
 13577 | D:9      | Reached skill level 10 in Dodging
 13677 | D:9      | Noticed Grum
 13684 | D:9      | Reached skill level 13 in Air Magic
 13698 | D:9      | Killed Grum
 13841 | D:9      | Reached ** piety under Vehumet
 14043 | D:9      | Offered knowledge of Poisonous Vapours by Vehumet.
 14047 | D:9      | Learned a level 2 spell: Poisonous Vapours
 14068 | D:9      | Learned a level 4 spell: Summon Lightning Spire
 14278 | Lair:1   | Entered Level 1 of the Lair of Beasts
 14312 | Lair:1   | Reached skill level 1 in Summonings
 14486 | Lair:1   | Reached skill level 2 in Summonings
 14486 | Lair:1   | Reached skill level 1 in Poison Magic
 14642 | Lair:1   | Noticed a boulder beetle
 14655 | Lair:1   | Killed a boulder beetle
 14656 | Lair:1   | Reached skill level 5 in Spellcasting
 14656 | Lair:1   | Reached skill level 3 in Summonings
 14834 | Lair:1   | Reached skill level 2 in Poison Magic
 14839 | Lair:1   | Reached skill level 4 in Summonings
 15397 | Lair:1   | Reached skill level 5 in Summonings
 15561 | Lair:1   | Reached skill level 3 in Poison Magic
 15833 | Lair:1   | Reached XP level 12. HP: 70/70 MP: 8/21
 15835 | Lair:1   | Reached skill level 6 in Summonings
 16103 | Lair:1   | Reached skill level 1 in Evocations
 16515 | Lair:2   | Reached skill level 6 in Spellcasting
 16515 | Lair:2   | Reached skill level 4 in Poison Magic
 16515 | Lair:2   | Offered knowledge of Volatile Blastmotes by Vehumet.
 16516 | Lair:2   | Reached skill level 2 in Evocations
 16780 | Lair:2   | Reached skill level 3 in Evocations
 16887 | Lair:2   | Noticed Fannar
 16897 | Lair:2   | Killed Fannar
 17143 | Lair:2   | Reached skill level 7 in Spellcasting
 17602 | Lair:2   | Identified a potion of resistance
 17786 | Lair:2   | Found a staircase to the Shoals.
 18223 | Lair:3   | Reached *** piety under Vehumet
 18224 | Lair:3   | Reached skill level 11 in Dodging
 18924 | Lair:3   | Learned a level 6 spell: Plasma Beam
 18930 | Lair:3   | Reached skill level 14 in Air Magic
 18932 | Lair:3   | Reached skill level 1 in Fire Magic
 18940 | Lair:3   | Reached skill level 2 in Fire Magic
 19117 | Lair:3   | Reached skill level 12 in Dodging
 19120 | Lair:3   | Reached skill level 3 in Fire Magic
 19262 | Lair:3   | Reached skill level 4 in Fire Magic
 19262 | Lair:3   | Reached XP level 13. HP: 74/74 MP: 21/24
 19448 | Lair:3   | Offered knowledge of Mephitic Cloud by Vehumet.
 19449 | Lair:3   | Reached skill level 5 in Fire Magic
 19577 | Lair:3   | Found a hole to the Spider Nest.
 19772 | Lair:4   | Found a staircase to the Slime Pits.
 19836 | Lair:4   | Found a viscous altar of Jiyva.
 20101 | Lair:4   | Reached skill level 6 in Fire Magic
 20789 | Lair:5   | Entered Level 5 of the Lair of Beasts
 20789 | Lair:5   | Noticed Kirke
 20844 | Lair:4   | Reached skill level 7 in Fire Magic
 21185 | Lair:5   | Noticed a sphinx
 21738 | Lair:5   | Reached **** piety under Vehumet
 21740 | Lair:5   | Reached skill level 7 in Fighting
 21742 | Lair:5   | Reached skill level 8 in Spellcasting
 21980 | Lair:5   | Offered knowledge of Yara's Violent Unravelling by Vehumet.
 22527 | Lair:5   | Killed Kirke
 22528 | Lair:5   | Reached skill level 9 in Spellcasting
 22802 | Lair:5   | Reached skill level 5 in Poison Magic
 22930 | Lair:5   | Found a hide-covered altar of Uskayaw.
 23017 | Lair:5   | Reached skill level 15 in Air Magic
 23345 | Lair:5   | Noticed Rupert
 23366 | Lair:5   | Reached XP level 14. HP: 82/82 MP: 21/28
 23376 | Lair:5   | Killed Rupert
 23377 | Lair:5   | Reached skill level 16 in Air Magic
 24078 | Lair:5   | Reached skill level 8 in Fighting
 24351 | Lair:5   | Reached ***** piety under Vehumet
 24618 | Lair:5   | Found a large runed translucent door.
 24618 | Lair:5   | Found a large runed translucent door.
 24632 | Lair:5   | Offered knowledge of Iskenderun's Mystic Blast by Vehumet.
 25093 | Lair:3   | Reached skill level 9 in Fighting
 25099 | Lair:3   | Learned a level 5 spell: Arcjolt
 25447 | D:8      | Found an ancient bone altar of Kikubaaqudgha.
 25447 | D:8      | Found an ornate altar of the Wu Jian Council.
 25448 | D:8      | Found a sacrificial altar of Ru.
 25461 | D:8      | Found a basalt altar of Yredelemnul.
 25820 | D:8      | Reached skill level 4 in Conjurations
 25873 | D:8      | Found the +7 great mace "Firestarter" {flame, immolate,
                  | rFlCloud rF++}
 25925 | D:10     | Entered Level 10 of the Dungeon
 26715 | D:10     | Found a staircase to the Orcish Mines.
 26715 | D:10     | Found Raemair's Armour Boutique.
 26715 | D:10     | Found Deloosah's Weapon Boutique.
 26822 | D:10     | Found a shimmering altar of Xom.
 26825 | D:10     | Found a white marble altar of Elyvilon.
 26825 | D:10     | Found a shimmering altar of Xom.
 26827 | D:10     | Found a blossoming altar of Fedhas.
 26827 | D:10     | Found an ancient bone altar of Kikubaaqudgha.
 26827 | D:10     | Found an ornate altar of the Wu Jian Council.
 27373 | D:11     | Noticed Psyche
 27377 | D:11     | Killed Psyche
 27520 | D:11     | Found Ducop's Self-Improvement Boutique.
 27553 | D:11     | You are sucked into a shaft and drop 1 floor!
 27858 | D:11     | Noticed Maurice
 27861 | D:11     | Killed Maurice
 27862 | D:11     | Reached skill level 1 in Shields
 28256 | D:11     | Reached skill level 5 in Conjurations
 28837 | D:12     | Reached skill level 2 in Shields
 29027 | D:12     | Reached skill level 4 in Evocations
 30009 | D:12     | Learned a level 3 spell: Vhi's Electric Charge
 30051 | D:13     | Reached skill level 8 in Stealth
 30212 | D:13     | Reached skill level 3 in Shields
 30333 | D:13     | Found a gate to the Vaults.
 30390 | D:13     | Found a gate leading to a gauntlet.
 30396 | Gauntlet | Entered a Gauntlet
 30396 | Gauntlet | Found a transporter.
 30405 | Gauntlet | Found a transporter.
 30420 | Gauntlet | Found a transporter.
 30428 | Gauntlet | Found a transporter.
 30446 | Gauntlet | Found a transporter.
 30464 | Gauntlet | Found a transporter.
 30476 | Gauntlet | Found a transporter.
 30488 | Gauntlet | Found a transporter.
 30500 | Gauntlet | Found a transporter.
 30502 | Gauntlet | Noticed a cacodemon
 30522 | Gauntlet | Found a transporter.
 30523 | Gauntlet | Found the +8 whip "Snakebite" {venom, curare, rPois}
 30541 | Gauntlet | Found a transporter.
 30557 | Gauntlet | Found a transporter.
 30559 | Gauntlet | Found a transporter.
 30561 | Gauntlet | Found a runed translucent gate.
 30561 | Gauntlet | Found a runed translucent gate.
 30561 | Gauntlet | Found a runed translucent gate.
 30562 | Gauntlet | Found a large runed translucent door.
 30562 | Gauntlet | Found a large runed translucent door.
 30564 | Gauntlet | Found a large runed translucent door.
 30565 | Gauntlet | Found a large runed translucent door.
 30570 | Gauntlet | Found a large runed translucent door.
 30570 | Gauntlet | Found a large runed translucent door.
 30571 | Gauntlet | Found a large runed translucent door.
 30571 | Gauntlet | Found a large runed translucent door.
 30574 | Gauntlet | Found a large runed translucent door.
 30574 | Gauntlet | Found a large runed translucent door.
 30574 | Gauntlet | Found a runed translucent door.
 30574 | Gauntlet | Found a runed translucent door.
 30575 | Gauntlet | Found a large runed translucent door.
 30576 | Gauntlet | Found a large runed translucent door.
 30585 | Gauntlet | Found a large runed translucent door.
 30585 | Gauntlet | Found a large runed translucent door.
 30586 | Gauntlet | Found a large runed translucent door.
 30587 | Gauntlet | Found a large runed translucent door.
 30589 | Gauntlet | Found a transporter.
 30589 | Gauntlet | Found a transporter.
 30591 | Gauntlet | Found a transporter.
 30613 | Gauntlet | Found a transporter.
 30616 | Gauntlet | Found a transporter.
 31008 | Gauntlet | Reached XP level 15. HP: 56/92 MP: 12/29
 31015 | Gauntlet | Identified the staff of fire "Naemuf" {rPois rF+ rC+ Str+4
                  | Stlth+}
 31023 | Gauntlet | Identified the +2 robe of Impatience {Str+4}
 31365 | D:13     | Reached skill level 5 in Evocations
 31543 | D:13     | Reached skill level 10 in Fighting
 31929 | D:13     | Reached skill level 4 in Shields
 32241 | Orc:1    | Entered Level 1 of the Orcish Mines
 32521 | Orc:2    | Entered Level 2 of the Orcish Mines
 32525 | Orc:2    | Reached skill level 13 in Dodging
 32527 | Orc:2    | Noticed Josephine
 32601 | Orc:1    | Offered knowledge of Conjure Ball Lightning by Vehumet.
 33025 | Orc:2    | Paralysed by an ogre mage for 2 turns
 33080 | Orc:1    | Reached skill level 9 in Stealth
 33475 | Orc:1    | Reached skill level 6 in Evocations
 33599 | Orc:1    | Reached skill level 5 in Shields
 33746 | Orc:1    | Killed Josephine
 33931 | Orc:2    | Paralysed by an ogre mage for 3 turns
 34856 | Orc:2    | Found Peraot's Distillery.
 34856 | Orc:2    | Found Woguamuko's Magic Scroll Shoppe.
 34857 | Orc:2    | Found Unesoi's Jewellery Shoppe.
 34857 | Orc:2    | Found Vaxeup's General Store.
 34890 | Orc:2    | Found a staircase to the Elven Halls.
 34901 | Orc:2    | Bought an amulet of magic regeneration for 450 gold pieces
 35232 | Orc:1    | Noticed an orc warlord
 35297 | Orc:1    | Reached skill level 11 in Fighting
 35354 | Orc:1    | Identified a +1 robe of the Archmagi
 35357 | Orc:2    | Offered knowledge of Freezing Cloud by Vehumet.
 35544 | Orc:1    | Reached skill level 10 in Stealth
 35559 | Orc:1    | Killed an orc warlord
 35617 | Orc:1    | Reached skill level 14 in Dodging
 36239 | D:4      | Identified the +8 short sword of the Dwarven Hall {vamp,
                  | rC- Dex+8}
 37779 | Shoals:1 | Entered Level 1 of the Shoals
 38128 | Shoals:2 | Found a frozen archway.
 38144 | Shoals:2 | Reached XP level 16. HP: 66/100 MP: 14/30
 38166 | IceCv    | Entered an ice cave
 38328 | IceCv    | Reached skill level 6 in Shields
 38963 | IceCv    | Offered knowledge of Iskenderun's Battlesphere by Vehumet.
 39013 | IceCv    | Reached skill level 7 in Shields
 39033 | IceCv    | Reached skill level 10 in Spellcasting
 39033 | IceCv    | Reached skill level 17 in Air Magic
 39320 | IceCv    | Noticed a shard shrike
 39384 | IceCv    | Killed a shard shrike
 39498 | IceCv    | Identified the +7 dagger "Ciuck" {antimagic, +Blink Will+
                  | Int-4}
 39520 | IceCv    | Identified the ring of Lust {Ice Str+4 Dex+2}
 39525 | IceCv    | Got Ycua's Grimoire of the Slug
 39826 | Shoals:1 | Reached skill level 18 in Air Magic
 39833 | Shoals:1 | Reached skill level 11 in Spellcasting
 40130 | Shoals:1 | Found Fevvir Coakk's General Store.
 40518 | Shoals:1 | Reached skill level 19 in Air Magic
 41541 | Shoals:3 | Offered knowledge of Leda's Unmaking by Vehumet.
 41567 | Shoals:3 | Reached XP level 17. HP: 104/104 MP: 33/33
 41677 | Shoals:3 | Noticed a kraken
 41778 | Shoals:3 | Reached skill level 20 in Air Magic
 41919 | Shoals:3 | Found Poexoe's Jewellery Emporium.
 41932 | Shoals:3 | Found Zydgh's General Store.
 41940 | Shoals:3 | Found Mouhuc's Armour Shop.
 42013 | Shoals:3 | Found Roicral's Antique Weapon Shoppe.
 42192 | Shoals:3 | Found Nohay's Distillery.
 42292 | Shoals:3 | Killed a kraken
 42510 | Shoals:4 | Entered Level 4 of the Shoals
 42621 | Shoals:4 | Reached skill level 8 in Fire Magic
 43011 | Shoals:4 | Noticed Mara
 43013 | Shoals:4 | Noticed quinnr's illusion
 43100 | Shoals:4 | Noticed quinnr's illusion
 43105 | Shoals:3 | Killed Mara
 43335 | Shoals:4 | Reached skill level 15 in Dodging
 43335 | Shoals:4 | Reached skill level 9 in Fire Magic
 43415 | Shoals:4 | Noticed Polyphemus
 43433 | Shoals:4 | Killed Polyphemus
 43514 | Shoals:4 | Noticed a sphinx
 43578 | Shoals:4 | Killed a sphinx
 43582 | Shoals:4 | Reached ****** piety under Vehumet
 43708 | Shoals:4 | Offered knowledge of Fireball by Vehumet.
 43712 | Shoals:4 | Noticed a sphinx
 43793 | Shoals:4 | Reached skill level 10 in Fire Magic
 43852 | Shoals:4 | Reached skill level 12 in Fighting
 44089 | Shoals:4 | Killed a sphinx
 44090 | Shoals:4 | Reached XP level 18. HP: 112/112 MP: 27/34
 44302 | Shoals:4 | Got a barnacled rune of Zot
 44651 | Slime:1  | Entered Level 1 of the Pits of Slime
 44821 | Lair:4   | Reached skill level 16 in Dodging
 45125 | Slime:1  | Reached skill level 11 in Fire Magic
 46341 | Slime:4  | Reached skill level 13 in Fighting
 46347 | Slime:4  | Offered knowledge of Maxwell's Capacitive Coupling by
                  | Vehumet.
 47061 | Slime:5  | Entered Level 5 of the Pits of Slime
 47071 | Slime:5  | Mangled by a rockslime

Vanquished Creatures
  Mara (Shoals:3)
  A shard shrike (IceCv)
  Rupert (Lair:5)
  7 acid blobs
  Polyphemus (Shoals:4)
  A kraken (Shoals:3)
  A sphinx (Shoals:4)
  Kirke (Lair:5)
  4 azure jellies
  4 rockslimes
  An orc warlord (Orc:1)
  2 quicksilver oozes
  A white draconian (IceCv)
  2 minotaurs
  Josephine (Orc:1)
  3 merfolk impalers
  5 great orbs of eyes
  2 merfolk javelineers
  An ice dragon (IceCv)
  3 ironbound frosthearts (IceCv)
  4 hydras
  4 merfolk avatars
  A catoblepas (Shoals:4)
  4 ogre magi
  4 boulder beetles
  15 satyrs
  4 merfolk aquamancers
  14 two-headed ogres
  4 death yaks (Shoals:4)
  5 alligator snapping turtles
  An orc high priest (Orc:1)
  2 tengu warriors
  3 soul eaters (D:12)
  12 sea snakes
  7 skysharks
  A glowing orange brain (Slime:4)
  Pikel (D:6)
  An orange crystal statue (IceCv)
  2 orc knights (Orc:1)
  17 harpies
  2 lindwurms
  A deep elf pyromancer (D:13)
  19 fauns
  3 shining eyes
  A cyclops (Shoals:3)
  4 orc sorcerers (Orc:1)
  10 ugly things (IceCv)
  16 manticores
  10 elephants
  9 merfolk sirens
  An ice statue (D:9)
  8 black mambas
  An eye of devastation (Slime:3)
  Maurice (D:11)
  3 molten gargoyles (Lair:5)
  2 rust devils (D:12)
  Joseph (D:7)
  An orange demon (D:12)
  2 water nymphs (Shoals:3)
  9 rime drakes (IceCv)
  A minotaur zombie (Gauntlet)
  8 cane toads
  An unseen horror (D:12)
  4 komodo dragons
  Psyche (D:11)
  A tengu conjurer (D:11)
  19 merfolk
  2 kobold demonologists
  7 trolls
  4 wind drakes
  A hornet (D:8)
  23 polar bears
  Prince Ribbit (D:6)
  10 dream sheep
  40 slime creatures
  10 blink frogs
  12 snapping turtles
  A shadow (D:13)
  8 water elementals
  A wyvern (Lair:3)
  6 wraiths
  A hog (shapeshifter) (D:13)
  Grum (D:9)
  A basilisk (Lair:5)
  2 hogs (Lair:5)
  27 yaks
  2 vampire mosquitoes (D:10)
  4 steam dragons
  A chaos spawn (D:12)
  A neqoxec (D:12)
  8 golden eyes
  Edmund (D:5)
  An acid dragon (D:12)
  4 wargs
  3 floating eyes (Slime:4)
  13 water moccasins
  3 hell hounds (Lair:5)
  22 orc warriors
  5 black bears
  3 ice beasts
  A sky beast (D:6)
  28 ogres
  14 wolves
  7 centaurs
  4 kobold brigands
  Blork the orc (D:6)
  7 bullfrogs
  4 wights (D:9)
  4 scorpions
  4 killer bees (D:7)
  4 electric eels (D:8)
  7 howler monkeys
  5 lava snakes (Lair:5)
  15 hounds
  4 quasits (D:12)
  2 gnoll boudas
  6 jellies
  12 orc priests
  Jessica (D:2)
  Terence (D:2)
  Natasha (twice) (D:2)
  4 iguanas
  22 orc wizards
  9 hell rats
  13 gnolls
  10 adders
  A river rat (D:3)
  A white imp (D:5)
  2 worms
  A dart slug (D:4)
  62 orcs
  10 endoplasms
  5 giant cockroaches
  12 goblins
  14 hobgoblins
  7 jackals
  3 quokkas
  8 ball pythons
  3 bats
  2 frilled lizards
  34 kobolds
  16 rats
  A spectral goblin (D:6)
  A tentacle (Shoals:3)
891 creatures vanquished.

Vanquished Creatures (collateral kills)
  2 sphinxes (Shoals:4)
  A fire dragon (Lair:5)
  Fannar (Lair:2)
  A catoblepas (Lair:3)
  3 two-headed ogres
  2 boulder beetles
  A skyshark (Lair:5)
  A deep elf pyromancer (D:11)
  2 ugly things
  2 manticores
  5 slime creatures
  5 elephants
  A merfolk siren (Shoals:3)
  A black mamba (Lair:5)
  2 torpor snails
  A rime drake (IceCv)
  4 cane toads
  3 komodo dragons
  A troll (D:13)
  4 merfolk
  2 blink frogs (Lair:3)
  A polar bear (Lair:3)
  10 yaks
  A wraith (Orc:1)
  A hog (Lair:5)
  A basilisk (Lair:5)
  5 wyverns
  3 golden eyes
  A warg (Orc:1)
  2 hell hounds (Lair:5)
  3 water moccasins
  An orc warrior (Orc:1)
  2 ogres (Orc:1)
  2 wolves
  A centaur (D:11)
  A jelly (Gauntlet)
  An orc wizard (Orc:1)
  A hell rat (Lair:1)
  A gnoll (D:4)
  3 orcs (Orc:1)
86 creatures vanquished.

Vanquished Creatures (others)
  3 tentacles (Shoals:3)
3 creatures vanquished.

Grand Total: 980 creatures vanquished

Table legend: (Time is in decaauts)
 A = Elapsed time spent in this place.
 B = Non-inter-level travel time spent in this place.
 C = Inter-level travel time spent in this place.
 D = Time resting spent in this place.
 E = Time spent auto-exploring this place.
 F = Levels seen in this place.
 G = Mean time per level.
                   A        B        C        D        E       F      G
               +--------+--------+--------+--------+--------+-----+--------+
         Total |  45168 |  41468 |   3700 |  10267 |  24807 |  33 | 1368.7 |
       Dungeon |  20449 |  18310 |   2139 |   3478 |  12232 |  13 | 1573.0 |
        Temple |     60 |     60 |      0 |      0 |     26 |   1 |   60.0 |
          Lair |  11392 |  10381 |   1011 |   2901 |   6360 |   5 | 2278.4 |
        Shoals |   4916 |   4616 |    300 |   1146 |   2438 |   4 | 1229.0 |
    Slime Pits |   1885 |   1801 |     84 |    446 |   1091 |   5 |  377.0 |
  Orcish Mines |   3572 |   3407 |    165 |   1654 |   1204 |   2 | 1786.0 |
         Sewer |    708 |    708 |      0 |    172 |    419 |   1 |  708.0 |
      Ice Cave |   1380 |   1380 |      0 |     60 |   1029 |   1 | 1380.0 |
      Gauntlet |    803 |    803 |      0 |    407 |      6 |   1 |  803.0 |
               +--------+--------+--------+--------+--------+-----+--------+

Top non-repeatable levels by time:
  Lair:4: 3130 daAuts
     D:5: 2938 daAuts
  Lair:5: 2633 daAuts
   Orc:1: 2495 daAuts
     D:8: 2296 daAuts
  Lair:1: 2287 daAuts
  Lair:2: 1986 daAuts
     D:9: 1938 daAuts
Shoals:3: 1710 daAuts
     D:7: 1619 daAuts
     D:4: 1542 daAuts
     D:2: 1493 daAuts
    D:10: 1463 daAuts
   IceCv: 1380 daAuts
    D:12: 1371 daAuts

Table legend:
 A = Non-vault XP
 B = Vault XP
 C = Vault XP percentage of total XP
 D = Non-vault monster count
 E = Vault monster count
 F = Vault count percentage of total count
                 A         B        C        D         E       F
            +---------+---------+-------+---------+---------+-------
      Total |  172687 |  119046 |  40.8 |     654 |     322 |  33.0
            +---------+---------+-------+---------+---------+-------
        D:1 |      27 |       0 |   0.0 |      17 |       0 |   0.0
        D:2 |      80 |     109 |  57.7 |      19 |       4 |  17.4
        D:3 |      16 |      52 |  76.5 |      11 |      13 |  54.2
        D:4 |     393 |      62 |  13.6 |      19 |       7 |  26.9
        D:5 |     875 |     237 |  21.3 |      32 |      25 |  43.9
        D:6 |     916 |    1053 |  53.5 |      20 |       5 |  20.0
        D:7 |    1124 |     698 |  38.3 |      15 |       3 |  16.7
        D:8 |    2690 |    1545 |  36.5 |      23 |      10 |  30.3
        D:9 |    2997 |     999 |  25.0 |      28 |       5 |  15.2
       D:10 |    1692 |     542 |  24.3 |      21 |       7 |  25.0
       D:11 |    4881 |     816 |  14.3 |      11 |       2 |  15.4
       D:12 |    4157 |    4217 |  50.4 |      11 |      12 |  52.2
       D:13 |    7349 |    1322 |  15.2 |      22 |       3 |  12.0
     Lair:1 |    5592 |     338 |   5.7 |      27 |       2 |   6.9
     Lair:2 |    5031 |    1351 |  21.2 |      20 |       2 |   9.1
     Lair:3 |    8709 |    1143 |  11.6 |      31 |       3 |   8.8
     Lair:4 |    7034 |     218 |   3.0 |      19 |       4 |  17.4
     Lair:5 |   12687 |   12747 |  50.1 |      43 |      33 |  43.4
   Shoals:1 |   19314 |       0 |   0.0 |      39 |       0 |   0.0
   Shoals:2 |   10878 |       0 |   0.0 |      24 |       0 |   0.0
   Shoals:3 |   14646 |    3003 |  17.0 |      26 |       1 |   3.7
   Shoals:4 |   19076 |   36904 |  65.9 |      38 |      48 |  55.8
    Slime:1 |   13342 |       0 |   0.0 |      23 |       0 |   0.0
    Slime:2 |    8974 |       0 |   0.0 |      18 |       0 |   0.0
    Slime:3 |    2032 |       0 |   0.0 |       2 |       0 |   0.0
    Slime:4 |    5786 |    3859 |  40.0 |      15 |       9 |  37.5
    Slime:5 |    2121 |    1639 |  43.6 |       2 |       1 |  33.3
      Orc:1 |    7707 |   14708 |  65.6 |      50 |      36 |  41.9
      Orc:2 |    2561 |    4136 |  61.8 |      28 |      10 |  26.3
      Sewer |       0 |     185 | 100.0 |       0 |      21 | 100.0
      IceCv |       0 |   23253 | 100.0 |       0 |      47 | 100.0
   Gauntlet |       0 |    3910 | 100.0 |       0 |       9 | 100.0
            +---------+---------+-------+---------+---------+-------

Levels and vault maps discovered:
D:1:      grunt_arrival_crossed_arrows, layout_rooms,
          ebering_ecumenical_altar_sacrificial
D:2:      layout_basic, minmay_quadrilaterals, uniq_natasha, uniq_jessica,
          uniq_terence
D:3:      cheibrodos_old_hovel, layout_loops_ring, serial_shops,
          nicolae_shop_tiny_real_fake_doors, portal_sewer_entry_b, fountainhead,
          chequers_serial_rivers_small_b, minmay_randomly_rotated_circles
D:4:      minmay_recursive_quarters, layout_basic, nemelex_spade_bored_becter,
          serial_shops, nicolae_shop_advertising_works
          [nicolae_subvault_shop_adworks]
D:5:      corexii_shantytown, layout_loops_corners, nrook_pool_corridor,
          minivault_11, minmay_misc_feat_square
D:6:      layout_cave_pools, nicolae_hepliaklqana_monster_ancestors,
          minmay_temple_entry_glass, serial_shops, nicolae_shop_tiny_waterfront,
          uniq_pikel, uniq_prince_ribbit1, uniq_edmund, uniq_blork_the_orc
D:7:      layout_gridville, trog_ov_bears_minmay, uniq_joseph
D:8:      layout_basic, grunt_temple_overflow_open,
          nicolae_overflow_quartered_altars, erik_lair_island,
          kennysheep_just_a_vault
D:9:      layout_roguey, minivault_16, minmay_misc_feat_pillars,
          hangedman_decor_clover_reticule, minmay_misc_feat_cross, uniq_grum
D:10:     layout_irregular_city, doesnt_xom_only_xom, orc_david_3
D:11:     layout_basic, nicolae_shop_self_help, uniq_psyche, uniq_maurice
D:12:     layout_gridville, serial_demonic, serial_demonic_f, serial_demonic_d,
          serial_demonic_g, serial_demonic_g, serial_demonic_f,
          serial_demonic_d, serial_demonic_g, serial_demonic_e,
          grunt_decor_resistance
D:13:     layout_roguey, david_vaults_4, gauntlet_entry_generic
Temple:   hellmonk_temple_divided_pantheon
Lair:1:   layout_cave_pods, grunt_megastairs_4
Lair:2:   layout_regular_city, minmay_shoals_entry_lonely_mermaid, uniq_fannar
Lair:3:   layout_big_grid, spider_nest_entry_web_field,
          kennysheep_catoblepas_arena
Lair:4:   layout_loops_ring, nicolae_slime_entry_field_trip,
          serial_bayou_shore_b
Lair:5:   cheibrodos_lair_end_hotspot, layout_hall_layers, basic_altar,
          minivault_26, infiniplex_staircase_pool, uniq_kirke, uniq_rupert
Shoals:1: layout_shoals, serial_shops, nicolae_shop_trees
Shoals:2: layout_shoals, portal_ice_cave_entry_pillars_four
Shoals:3: layout_shoals, serial_shops, nicolae_shop_stone, shop,
          nicolae_shop_hallway_plus, nicolae_shop_peninsula, shop
Shoals:4: shoals_end_hellmonk_lost_city, uniq_mara, uniq_polyphemus
Slime:1:  layout_caves
Slime:2:  layout_caves, cheibrodos_slime_lost_civilization_6
Slime:3:  layout_caves
Slime:4:  layout_caves, nicolae_slime_getting_an_eyeful
Slime:5
Orc:1:    layout_caves
Orc:2:    st_orc_ogre_mass, layout_caves, uniq_josephine
